 Dungeon Crawl Stone Soup version 0.27-a0-1308-gc08437e49b (webtiles) character file.

Game seed: 17841697142553011036

282 hunterBerkeley the Magician (level 6, -4/41 HPs)
             Began as a Djinni Fire Elementalist on June 18, 2021.
             Slain by Crazy Yiuf (17 damage)
             ... on level 4 of the Dungeon.
             The game lasted 00:19:54 (4872 turns).

hunterBerkeley the Magician (DjFE)                  Turns: 4872, Time: 00:19:55

Health: -4/41      AC:  2    Str:  7    XL:     6   Next: 54%
Gold:   219        EV: 13    Int: 18    God:
                   SH:  0    Dex: 20

rFire    + + .     SeeInvis .   (no weapon)
rCold    x . .     Faith    .   (no shield)
rNeg     . . .     Spirit   .   a - +0 robe
rPois    ∞         Reflect  .   (no helmet)
rElec    .         Harm     .   (no cloak)
rCorr    .         Rampage  .   (no gloves)
Will     .....                  (boots unavailable)
Stlth    ++........             (no amulet)
HPRegen  0.13/turn              i - +6 ring of dexterity
MPRegen  0.00/turn              (no ring)

@: flying
A: sickness immunity, fire resistance 2, cold vulnerability 1, float, innate
caster, hp casting, extra vitality 1
a: no special abilities


You were on level 4 of the Dungeon.
You visited 1 branch of the dungeon, and saw 4 of its levels.

You collected 219 gold pieces.

Inventory:

Hand Weapons
 l - a +0 hunting sling of flaming
Armour
 a - a +0 robe (worn)
Jewellery
 e - a ring of ice
 i - a +6 ring of dexterity (left hand)
Wands
 q - a wand of flame (24)
Scrolls
 b - a scroll of amnesia {unknown}
 c - 2 scrolls of identify {unknown}
 d - a scroll of immolation {unknown}
 p - a scroll of teleportation {unknown}
Potions
 f - a potion of heal wounds {unknown}
 g - a potion of brilliance {unknown}
 h - a potion of lignification {unknown}
 j - 2 potions of might {unknown}
 k - 4 potions of attraction {unknown}
 m - a potion of curing {unknown}
 n - 2 potions of flight {unknown}
 o - a potion of magic {unknown}


   Skills:
 + Level 0.5 Fighting
 + Level 2.7 Dodging
 + Level 2.4 Stealth
 + Level 0.3 Unarmed Combat
 + Level 4.7 Spellcasting


You couldn't memorise any spells.
You knew the following spells:

 Your Spells              Type           Power      Damage    Failure   Level
a - Foxfire               Conj/Fire      84%        2x1d8     1%          1
b - Conjure Flame         Conj/Fire      21%        6-21      6%          3
c - Inner Flame           Hex/Fire       21%        N/A       6%          3
d - Sticky Flame          Conj/Fire      21%        2d4       19%         4
e - Fireball              Conj/Fire      10%        3d6       47%         5
f - Magic Dart            Conj           84%        1d7       1%          1
g - Passwall              Tmut/Erth      17%        N/A       3%          2
Your spell library was empty.

Dungeon Overview and Level Annotations

Branches:
Dungeon (4/15)
 Temple: D:4-7

Altars:
Kikubaaqudgha
Xom

Shops:
D:1 *=*[(   D:4 *!:

Annotations:
D:4 Crazy Yiuf


Innate Abilities, Weirdness & Mutations

You are immune to sickness and miasma.
You are immune to poison.
Your flesh is very heat resistant. (rF++)
You are vulnerable to cold. (rC-)
You float through the air rather than walking.
You learn spells naturally, not from books.
Your magical power is your life essence.
You have superior vitality. (+4 HP)


Message History

You are very lightly contaminated with residual magic.
Strange energies run through your body!!
Your magical contamination has completely faded away.
Found a mace.
Found a runed translucent door.
You reach down and open the door.
Crazy Yiuf shouts!
There is an open translucent door here.
Casting: Fireball (potentially lethal; 47% risk of failure)
Confirm with . or Enter, or press ? or * to list all spells.
You conjure some foxfire!
Crazy Yiuf waves his quarterstaff at you.
Crazy Yiuf barely misses you.
Casting: Foxfire (safe; 1% risk of failure)
Confirm with . or Enter, or press ? or * to list all spells.
You conjure some foxfire!
The foxfire hits Crazy Yiuf.
Crazy Yiuf is lightly wounded.
The foxfire hits Crazy Yiuf.
Crazy Yiuf is moderately wounded.
Crazy Yiuf hits you with a +2 quarterstaff of chaos!
Crazy Yiuf freezes you.
Casting: Foxfire (safe; 1% risk of failure)
Confirm with . or Enter, or press ? or * to list all spells.
You don't know that spell.
The foxfire hits Crazy Yiuf but does no damage.
Crazy Yiuf is moderately wounded.
The foxfire hits Crazy Yiuf.
Crazy Yiuf is moderately wounded.
Crazy Yiuf laughs, "Defame tea meccalolo!"
Crazy Yiuf screams, "Pitchfork King canine!"
Crazy Yiuf hits you with a +2 quarterstaff of chaos!
Crazy Yiuf freezes you.
There is an open translucent door here.
Crazy Yiuf flaps his cloak.
Crazy Yiuf says, "Race senile hog!"
Crazy Yiuf laughs, "Fluff!
Proton verde verde."
Casting: Foxfire (safe; 1% risk of failure)
Confirm with . or Enter, or press ? or * to list all spells.
You conjure some foxfire!
Crazy Yiuf hits you with a +2 quarterstaff of chaos!
You die...

##### ##...#####
#........#########
##..#####..........
#v...# ###########
♣v@..♣ ♣.g.♣♣ ♣♣.♣♣
♣.♣♣ ♣♣.♣ ♣.♣♣ ♣♣.♣
##'## #...#


You could see Crazy Yiuf (ally target).

Vanquished Creatures
  Sigmund (D:3)
  A hound (D:4)
  An adder (D:3)
  An ufetubus (D:4)
  A worm (D:3)
  4 dart slugs
  11 endoplasms
  2 giant cockroaches (D:1)
  4 goblins
  4 hobgoblins
  11 jackals
  6 quokkas
  4 ball pythons
  2 bats
  3 frilled lizards
  10 kobolds
  5 rats (D:1)
71 creatures vanquished.

Vanquished Creatures (others)
  257 foxfires
257 creatures vanquished.

Grand Total: 328 creatures vanquished

Notes
Turn   | Place    | Note
-------+----------+-------------------------------------------
     0 | D:1      | hunterBerkeley the Djinni Fire Elementalist began the quest
                  | for the Orb.
     0 | D:1      | Reached XP level 1. HP: 15/15 MP: 0/0
     1 | D:1      | Noticed an electric eel
   140 | D:1      | Reached XP level 2. HP: 16/21 MP: 0/0
   261 | D:1      | Found Etouvuom's Armour Shop.
   814 | D:1      | Reached skill level 3 in Spellcasting
   990 | D:1      | Found Diobb's Antique Weapon Emporium.
  1046 | D:1      | Reached XP level 3. HP: 21/25 MP: 0/0
  1046 | D:1      | Learned a level 1 spell: Magic Dart
  1103 | D:1      | Found Siekeare's Assorted Antiques.
  1295 | D:1      | Found Hegyimn's General Store.
  1447 | D:1      | Found Zubem's Jewellery Boutique.
  2100 | D:2      | Reached XP level 4. HP: 30/31 MP: 0/0
  2412 | D:2      | Found a faded altar of an unknown god.
  3900 | D:3      | Noticed Sigmund
  3913 | D:3      | Killed Sigmund
  3914 | D:3      | Reached skill level 4 in Spellcasting
  3914 | D:3      | Reached XP level 5. HP: 31/36 MP: 0/0
  3914 | D:3      | Learned a level 2 spell: Passwall
  3914 | D:3      | Reached XP level 6. HP: 36/41 MP: 0/0
  4333 | D:4      | Found Vouxkinn's Book Emporium.
  4358 | D:4      | Found Enoopp Ixaq's General Store.
  4359 | D:4      | Found Irphejaise's Distillery.
  4468 | D:4      | Found a snail-covered altar of Cheibriados.
  4470 | D:4      | Found a snail-covered altar of Cheibriados.
  4470 | D:4      | Found a shimmering altar of Xom.
  4477 | D:4      | Found a burning altar of Makhleb.
  4477 | D:4      | Found a shimmering altar of Xom.
  4854 | D:4      | Found a runed translucent door.
  4856 | D:4      | Noticed Crazy Yiuf
  4872 | D:4      | Slain by Crazy Yiuf

Illustrated notes

Levels and vault maps discovered:
D:1:      arrival_aquarium_a, layout_loops_ring, serial_shops,
          nicolae_shop_trees, nicolae_shop_crystal, nicolae_shop_waterfront,
          shop, nicolae_shop_overgrown_old_shop, minmay_pentomino_v4
D:2:      layout_basic, hellmonk_ecumenical_altar_heavens_door,
          grunt_decor_resistance, kennysheep_generic_room_8
D:3:      layout_rooms, lemuel_doored_altar, fountainhead, glass_columns_a,
          uniq_sigmund
D:4:      layout_loops_ring, doesnt_xom_only_xom, serial_shops, shop_statue,
          nicolae_wooded_promenade, uniq_crazy_yiuf_cottage

Skill      XL: |  1  2  3  4 |
---------------+-------------+-----
Spellcasting   | 3 4 |  4.7
Stealth        | 2 |  2.4
Fighting       | |  0.5
Dodging        | |  2.7
Unarmed Combat | |  0.3

Action                   |  1- 3 |  4- 6 || total
-------------------------+-------+-------++-------
Melee: Unarmed           |    19 |       ||    19
 Cast: Foxfire           |    80 |   102 ||   182
       Inner Flame       |       |     1 ||     1
       Passwall          |       |     3 ||     3
Armor: Robe              |     4 |     5 ||     9
Dodge: Dodged            |    15 |    16 ||    31

Table legend: (Time is in decaauts)
 A = Elapsed time spent in this place.
 B = Non-inter-level travel time spent in this place.
 C = Inter-level travel time spent in this place.
 D = Time resting spent in this place.
 E = Time spent auto-exploring this place.
 F = Levels seen in this place.
 G = Mean time per level.
                   A        B        C        D        E       F      G
               +--------+--------+--------+--------+--------+-----+--------+
         Total |   4870 |   4784 |     86 |      0 |   3230 |   4 | 1217.5 |
       Dungeon |   4870 |   4784 |     86 |      0 |   3230 |   4 | 1217.5 |
               +--------+--------+--------+--------+--------+-----+--------+

Top non-repeatable levels by time:
     D:1: 1796 daAuts
     D:2: 1548 daAuts
     D:3: 947 daAuts
     D:4: 578 daAuts
